Match 29593159
Unlisted

Match 29593159
End
Selects Luftwaffe Battlegroup
Selects Luftwaffe Pioneer Support
Fallschirmpioneer Squad Paradrop
Construct Infanterie Kompanie
MG 42 Machine Gun Team
Fallschirmpioneer Squad Paradrop
Construct Panzergrenadier Kompanie
Medical Station
Selects Reconnaissance Run
Panzergrenadier Squad
Pak 40 Anti-tank Gun Team
Support Elements
Selects Fallschirmjäger Squad Paradrop
Fallschirmjäger Squad Paradrop
StuG III G Assault Gun
Nebelwerfer 42 Rocket Launcher Team
Nebelwerfer 42 Rocket Launcher Team
Nebelwerfer 42 Rocket Launcher Team
Selects Flak 38 Anti-Air Emplacement
Selects Flak 36 Anti-tank Gun Emplacement
Fallschirmjäger Squad Paradrop
Fallschirmjäger Squad Paradrop
Grand.G
Kuttless
Витя-ПОХОТь
Joraad
CemeteryWind
Zeroroids
Bat Daddy
supermagneto
0
0

Comments sign in to comment!

No comments posted yet!